General information
- name: BNet
- type: Ladder team game (AT/RT)
- host: Battle.net
- saver: khr8098i
map: Cherryville
- players: 8
- length: 19:59
- speed: Fast
- version: 1.27 W3XP
- replay type: Public
» download(190 KB)
Players
team 1 (loser)

»
Joowanax (
pink | 42 APM | 832 actions | 19:51)
3 Goblin Tinker
1 Engineering Upgrade
2 Pocket Factory
2 Far Seer
1 Far Sight
1 Feral Spirit
» actions
| Assign group hotkey | 9 | |
| Basic commands | 42 | |
| Build / train | 55 | |
| Enter build submenu | 26 | |
| Enter hero's abilities submenu | 5 | |
| Give item / drop item | 1 | |
| Remove unit from queue | 1 | |
| Right click | 118 | |
| Select / deselect | 251 | |
| Select group hotkey | 252 | |
| Use ability | 72 | |
832 total
» units
| Peon | 10 | |
| Grunt | 5 | |
| Kodo Beast | 1 | |
| Kobold Geomancer | 1 | |
| Assassin | 1 | |
| Murloc Huntsman | 2 | |
| Kobold | 1 | |
| Goblin Shredder | 1 | |
22 total
» upgrades
| Armor | 1 | |
| Melee Weapons | 2 | |
| Berserker Strength | 1 | |
| Pillage | 1 | |
| Spiked Barricades | 2 | |
| Shaman Training | 1 | |
8 total
» buildings
| War Mill | 1 | |
| Orc Burrow | 6 | |
| Altar of Storms | 1 | |
| Voodoo Lounge | 2 | |
| Barracks | 1 | |
| Stronghold | 2 | |
| Beastiary | 1 | |
| Spirit Lodge | 1 | |
| Great Hall | 5 | |
| Watch Tower | 8 | |
| Fortress | 1 | |
29 total
» build order
00:27 War Mill
00:58 Orc Burrow
01:00 Orc Burrow
01:20 Altar of Storms
01:29 Voodoo Lounge
02:08 Orc Burrow
02:45 Barracks
03:45 Stronghold
04:17 Orc Burrow
07:42 Beastiary
07:44 Spirit Lodge
08:40 Great Hall
09:19 Great Hall
09:21 Orc Burrow
09:23 Watch Tower
09:23 Watch Tower
09:24 Watch Tower
09:24 Watch Tower
09:24 Watch Tower
11:42 Fortress
12:12 Great Hall
16:18 Great Hall
16:27 Great Hall
16:49 Watch Tower
16:51 Watch Tower
16:52 Watch Tower
16:55 Voodoo Lounge
18:27 Stronghold
18:45 Orc Burrow
» items
| Healing Salve | 2 | |
| Lesser Clarity Potion | 2 | |
| Scroll of Speed | 2 | |
| Circlet of Nobility | 2 | |
| Scroll of Protection | 2 | |
| Potion of Lesser Invulnerability | 2 | |
| Scroll of Town Portal | 2 | |
14 total
winloseordraw (
green | 178 APM | 3554 actions | 19:57)
5 Archmage
3 Summon Water Elemental
2 Brilliance Aura
2 Paladin
1 Holy Light
1 Devotion Aura
» actions
| Assign group hotkey | 18 | |
| Basic commands | 76 | |
| Build / train | 51 | |
| Enter build submenu | 23 | |
| Enter hero's abilities submenu | 8 | |
| Give item / drop item | 1 | |
| Right click | 1404 | |
| Select / deselect | 127 | |
| Select group hotkey | 1797 | |
| Use ability | 49 | |
3554 total
» units
| Peasant | 12 | |
| Rifleman | 11 | |
| Mortar Team | 2 | |
25 total
» upgrades
| Gunpowder | 2 | |
| Armor | 2 | |
| Long Rifles | 1 | |
| Masonry | 1 | |
| Lumber Harvesting | 1 | |
7 total
» buildings
| Altar of Kings | 1 | |
| Farm | 12 | |
| Blacksmith | 1 | |
| Barracks | 2 | |
| Scout Tower | 2 | |
| Arcane Tower | 2 | |
| Lumber Mill | 1 | |
| Arcane Vault | 1 | |
| Keep | 1 | |
| Workshop | 2 | |
| Castle | 3 | |
| Town Hall | 1 | |
29 total
» build order
00:24 Altar of Kings
00:52 Farm
01:19 Farm
01:34 Blacksmith
01:44 Barracks
01:52 Farm
02:22 Barracks
02:33 Scout Tower
02:38 Scout Tower
02:56 Farm
03:02 Arcane Tower
03:08 Arcane Tower
03:11 Lumber Mill
03:25 Arcane Vault
05:16 Keep
06:16 Farm
06:24 Farm
08:39 Farm
08:40 Farm
08:41 Farm
08:48 Workshop
08:55 Workshop
11:46 Farm
11:48 Farm
11:48 Farm
11:57 Castle
11:57 Castle
11:57 Castle
14:07 Town Hall
» items
| Scroll of Regeneration | 2 | |
| Lesser Clarity Potion | 1 | |
| Scroll of Protection | 1 | |
4 total
virgin-noob (
orange | 86 APM | 1700 actions | 19:49)
3 Paladin
2 Holy Light
1 Devotion Aura
2 Mountain King
1 Storm Bolt
1 Bash
1 Archmage
1 Blizzard
» actions
| Assign group hotkey | 26 | |
| Basic commands | 251 | |
| Build / train | 90 | |
| ESC pressed | 1 | |
| Enter build submenu | 45 | |
| Enter hero's abilities submenu | 6 | |
| Give item / drop item | 1 | |
| Right click | 544 | |
| Select / deselect | 267 | |
| Select group hotkey | 356 | |
| Use ability | 113 | |
1700 total
» units
| Peasant | 15 | |
| Rifleman | 8 | |
| Gryphon Rider | 1 | |
| Dragonhawk Rider | 3 | |
27 total
» upgrades
| Masonry | 2 | |
| Lumber Harvesting | 1 | |
| Long Rifles | 1 | |
4 total
» buildings
| Altar of Kings | 1 | |
| Farm | 11 | |
| Blacksmith | 1 | |
| Barracks | 1 | |
| Scout Tower | 18 | |
| Arcane Tower | 2 | |
| Arcane Vault | 1 | |
| Lumber Mill | 1 | |
| Town Hall | 3 | |
| Guard Tower | 20 | |
| Keep | 1 | |
| Castle | 1 | |
| Gryphon Aviary | 3 | |
| Arcane Sanctum | 1 | |
65 total
» build order
00:16 Altar of Kings
00:36 Farm
00:53 Blacksmith
01:12 Barracks
01:29 Scout Tower
01:30 Scout Tower
01:38 Farm
02:02 Arcane Tower
02:02 Arcane Tower
02:30 Farm
02:46 Arcane Vault
03:24 Lumber Mill
04:36 Town Hall
04:43 Scout Tower
04:44 Scout Tower
04:44 Scout Tower
04:46 Scout Tower
04:49 Scout Tower
05:31 Guard Tower
05:31 Guard Tower
05:38 Keep
05:39 Guard Tower
05:40 Guard Tower
05:51 Scout Tower
05:52 Scout Tower
06:18 Guard Tower
06:18 Guard Tower
06:42 Farm
06:43 Farm
08:01 Guard Tower
08:01 Guard Tower
08:02 Guard Tower
08:31 Scout Tower
08:32 Scout Tower
08:34 Scout Tower
10:02 Castle
10:07 Scout Tower
10:10 Scout Tower
11:24 Guard Tower
11:24 Guard Tower
11:25 Guard Tower
11:26 Guard Tower
12:22 Gryphon Aviary
12:24 Gryphon Aviary
12:35 Gryphon Aviary
12:37 Farm
14:02 Town Hall
14:04 Town Hall
14:29 Farm
14:30 Farm
15:19 Scout Tower
15:19 Scout Tower
15:26 Scout Tower
15:27 Scout Tower
16:25 Guard Tower
16:25 Guard Tower
16:25 Guard Tower
17:54 Farm
17:55 Farm
17:57 Farm
19:01 Arcane Sanctum
» items
| Scroll of Regeneration | 1 | |
| Scroll of Town Portal | 3 | |
| Periapt of Vitality | 1 | |
| Potion of Lesser Invulnerability | 2 | |
| Staff of Teleportation | 1 | |
| Boots of Speed | 2 | |
| Scroll of Healing | 1 | |
11 total

»
YoloSwagDragon (
yellow | 69 APM | 1353 actions | 19:40)
3 Keeper of the Grove
1 Entangling Roots
1 Force of Nature
1 Thorns Aura
» actions
| Assign group hotkey | 23 | |
| Build / train | 57 | |
| Enter build submenu | 21 | |
| Enter hero's abilities submenu | 3 | |
| Remove unit from queue | 3 | |
| Right click | 499 | |
| Select / deselect | 347 | |
| Select group hotkey | 357 | |
| Use ability | 41 | |
1353 total
» units
| Wisp | 22 | |
| Huntress | 19 | |
| Dryad | 2 | |
| Druid of the Claw | 2 | |
45 total
» upgrades
| Druid of the Claw Training | 1 | |
| Abolish Magic | 1 | |
| Strength of the Wild | 1 | |
| Reinforced Hides | 1 | |
4 total
» buildings
| Altar of Elders | 1 | |
| Moon Well | 6 | |
| Ancient of War | 1 | |
| Hunter's Hall | 1 | |
| Ancient Protector | 4 | |
| Ancient of Wonders | 1 | |
| Tree of Ages | 1 | |
| Ancient of Lore | 4 | |
| Tree of Life | 2 | |
| Tree of Eternity | 0 | |
21 total
» build order
00:08 Altar of Elders
00:11 Moon Well
01:09 Ancient of War
01:59 Hunter's Hall
02:50 Moon Well
02:52 Moon Well
03:07 Ancient Protector
03:29 Ancient Protector
03:49 Ancient Protector
03:54 Ancient of Wonders
06:02 Moon Well
06:35 Tree of Ages
07:22 Moon Well
09:28 Ancient Protector
10:12 Ancient of Lore
10:20 Ancient of Lore
10:32 Tree of Life
12:32 Moon Well
14:44 Ancient of Lore
14:50 Ancient of Lore
16:10 Tree of Eternity
19:02 Tree of Life
team 2 (winner)

»
FracasoTotal (
red | 147 APM | 2943 actions | 19:58)
5 Demon Hunter
3 Mana Burn
2 Evasion
3 Priestess of the Moon
2 Trueshot Aura
1 Searing Arrows
» actions
| Assign group hotkey | 19 | |
| Basic commands | 212 | |
| Build / train | 87 | |
| ESC pressed | 8 | |
| Enter build submenu | 20 | |
| Enter hero's abilities submenu | 8 | |
| Give item / drop item | 1 | |
| Remove unit from queue | 2 | |
| Right click | 1101 | |
| Select / deselect | 350 | |
| Select group hotkey | 1062 | |
| Use ability | 73 | |
2943 total
» units
| Wisp | 34 | |
| Archer | 4 | |
| Goblin Shredder | 1 | |
| Huntress | 2 | |
| Chimaera | 5 | |
| Hippogryph | 10 | |
56 total
» upgrades
| Strength of the Wild | 3 | |
| Reinforced Hides | 2 | |
| Corrosive Breath | 1 | |
| Ultravision | 0 | |
| Well Spring | 0 | |
6 total
» buildings
| Altar of Elders | 1 | |
| Moon Well | 8 | |
| Ancient of War | 1 | |
| Ancient of Wonders | 1 | |
| Tree of Ages | 1 | |
| Tree of Life | 3 | |
| Hunter's Hall | 1 | |
| Ancient of Wind | 2 | |
| Ancient Protector | 3 | |
| Tree of Eternity | 5 | |
| Chimaera Roost | 3 | |
29 total
» build order
00:07 Altar of Elders
00:09 Moon Well
00:28 Ancient of War
01:53 Moon Well
03:10 Moon Well
03:30 Ancient of Wonders
03:56 Moon Well
03:58 Moon Well
04:23 Tree of Ages
05:32 Tree of Life
05:39 Hunter's Hall
06:50 Ancient of Wind
07:01 Ancient Protector
08:00 Tree of Eternity
08:00 Tree of Eternity
08:00 Tree of Eternity
08:01 Tree of Eternity
08:30 Ancient Protector
09:14 Ancient Protector
10:06 Moon Well
10:06 Moon Well
10:07 Moon Well
10:28 Chimaera Roost
10:28 Chimaera Roost
11:45 Ancient of Wind
13:05 Chimaera Roost
16:27 Tree of Life
19:09 Tree of Life
» items
| Scroll of Town Portal | 4 | |
| Orb of Venom | 1 | |
| Scroll of Healing | 1 | |
6 total
DassiveMump (
purple | 81 APM | 1610 actions | 19:58)
5 Archmage
1 Summon Water Elemental
2 Brilliance Aura
2 Blizzard
2 Blood Mage
2 Flame Strike
» actions
| Assign group hotkey | 105 | |
| Basic commands | 84 | |
| Build / train | 70 | |
| Enter build submenu | 20 | |
| Enter hero's abilities submenu | 7 | |
| Give item / drop item | 4 | |
| Remove unit from queue | 17 | |
| Right click | 825 | |
| Select / deselect | 270 | |
| Select group hotkey | 126 | |
| Use ability | 82 | |
1610 total
» units
| Peasant | 12 | |
| Footman | 4 | |
| Rifleman | 1 | |
| Mortar Team | 8 | |
| Flying Machine | -11 | |
14 total
» upgrades
» buildings
| Altar of Kings | 1 | |
| Farm | 10 | |
| Barracks | 1 | |
| Scout Tower | 1 | |
| Arcane Vault | 1 | |
| Arcane Tower | 1 | |
| Keep | 1 | |
| Lumber Mill | 1 | |
| Blacksmith | 1 | |
| Workshop | 2 | |
| Castle | 1 | |
21 total
» build order
00:15 Altar of Kings
00:21 Farm
00:38 Barracks
00:51 Farm
01:29 Scout Tower
01:59 Farm
02:27 Arcane Vault
02:46 Arcane Tower
03:21 Keep
03:40 Lumber Mill
04:20 Blacksmith
04:23 Farm
06:15 Farm
06:20 Workshop
06:22 Workshop
07:30 Farm
07:35 Farm
08:13 Farm
08:14 Farm
16:41 Castle
19:02 Farm
» items
| Scroll of Regeneration | 4 | |
| Lesser Clarity Potion | 3 | |
| Tome of Retraining | 1 | |
| Scroll of Healing | 2 | |
| Scroll of Town Portal | 5 | |
| Potion of Healing | 1 | |
| Scroll of Protection | 1 | |
| Potion of Lesser Invulnerability | 1 | |
18 total
khr8098i (
teal | 43 APM | 863 actions | 19:59)
5 Blood Mage
3 Banish
2 Flame Strike
» actions
| Assign group hotkey | 19 | |
| Basic commands | 25 | |
| Build / train | 51 | |
| Enter build submenu | 17 | |
| Enter hero's abilities submenu | 5 | |
| Right click | 388 | |
| Select / deselect | 171 | |
| Select group hotkey | 111 | |
| Use ability | 76 | |
863 total
» units
» upgrades
| Masonry | 1 | |
| Gunpowder | 3 | |
| Armor | 3 | |
| Flare | 1 | |
| Fragmentation Shards | 1 | |
9 total
» buildings
| Barracks | 1 | |
| Farm | 9 | |
| Altar of Kings | 1 | |
| Lumber Mill | 2 | |
| Scout Tower | 1 | |
| Arcane Tower | 1 | |
| Blacksmith | 1 | |
| Keep | 1 | |
| Castle | 3 | |
| Workshop | 3 | |
| Town Hall | 1 | |
24 total
» build order
00:39 Barracks
00:50 Farm
01:00 Altar of Kings
01:06 Lumber Mill
01:12 Farm
01:24 Scout Tower
01:47 Farm
01:57 Lumber Mill
02:09 Arcane Tower
02:28 Blacksmith
03:25 Keep
03:30 Farm
03:31 Farm
03:33 Farm
03:39 Farm
05:49 Castle
05:50 Castle
05:53 Workshop
06:02 Workshop
06:08 Workshop
06:14 Farm
07:20 Farm
16:25 Town Hall
» items
d44k_eIllIf (
blue | 72 APM | 1433 actions | 19:58)
6 Dark Ranger
3 Black Arrow
2 Silence
1 Charm
» actions
| Assign group hotkey | 87 | |
| Basic commands | 19 | |
| Build / train | 72 | |
| ESC pressed | 3 | |
| Enter build submenu | 22 | |
| Enter hero's abilities submenu | 6 | |
| Give item / drop item | 5 | |
| Right click | 561 | |
| Select / deselect | 323 | |
| Select group hotkey | 254 | |
| Use ability | 81 | |
1433 total
» units
| Wisp | 21 | |
| Archer | 7 | |
| Dryad | 8 | |
| Druid of the Claw | 6 | |
42 total
» upgrades
| Strength of the Wild | 3 | |
| Reinforced Hides | 2 | |
| Druid of the Claw Training | 3 | |
| Abolish Magic | 1 | |
| Mark of the Claw | 1 | |
10 total
» buildings
| Moon Well | 4 | |
| Altar of Elders | 1 | |
| Ancient of War | 1 | |
| Tree of Life | 2 | |
| Tree of Ages | 1 | |
| Hunter's Hall | 1 | |
| Ancient of Wonders | 1 | |
| Ancient Protector | 2 | |
| Ancient of Lore | 3 | |
| Tree of Eternity | 1 | |
17 total
» build order
00:22 Moon Well
00:26 Altar of Elders
00:52 Ancient of War
01:50 Moon Well
03:36 Tree of Life
03:53 Moon Well
04:37 Tree of Ages
04:45 Hunter's Hall
04:50 Ancient of Wonders
05:16 Moon Well
06:00 Ancient Protector
08:00 Ancient of Lore
08:01 Tree of Eternity
08:03 Ancient of Lore
08:04 Ancient of Lore
10:58 Ancient Protector
16:48 Tree of Life
» items
| Potion of Healing | 2 | |
| Lesser Clarity Potion | 2 | |
| Scroll of Town Portal | 3 | |
| Staff of Preservation | 2 | |
| Staff of Sanctuary | 1 | |
10 total
Chat log
(05:16 / Allies) DassiveMump: expo
(05:24 / Allies) khr8098i: where
(05:35 / Allies) khr8098i: blue hasnt crept me any expo yet
(05:51 / Allies) FracasoTotal: come
(05:59 / Allies) FracasoTotal: teal doing nothing?
(06:21 / Allies) khr8098i: im a mort assassin
(06:24 / Allies) khr8098i: just wait
(07:07 / Allies) khr8098i: blue tp out and creep me a mine pls
(07:25 / Allies) FracasoTotal: ill go
(07:37 / Allies) khr8098i: gold pls
(07:52 / Allies) FracasoTotal: move ur hero
(07:54 / Allies) FracasoTotal: lvl 1 come on
(08:41 / Allies) FracasoTotal: come
(08:41 / Allies) FracasoTotal: hurry
(08:42 / Allies) FracasoTotal: hit top
(08:45 / Allies) FracasoTotal: with mort
(08:56 / Allies) khr8098i: mm
(09:10 / Allies) khr8098i: im going back
(09:19 / Allies) FracasoTotal: nobody is there
(09:20 / Allies) FracasoTotal: come on
(09:21 / Allies) FracasoTotal: hit
(09:25 / Allies) FracasoTotal: wow
(09:43 / Allies) khr8098i: greens there
(09:49 / Allies) FracasoTotal: come
(09:50 / Allies) FracasoTotal: to oj
(09:53 / Allies) khr8098i: kk
(10:11 / Allies) FracasoTotal: go
(10:12 / Allies) FracasoTotal: teal
(10:17 / Allies) khr8098i: ok
(10:43 / Allies) FracasoTotal: HURRY
(10:53 / Allies) FracasoTotal: out out
(11:22 / Allies) FracasoTotal: well they all tped at least
(11:24 / Allies) khr8098i: gold pls
(11:26 / Allies) khr8098i: hit top
(11:48 / Allies) khr8098i: i think green is hacking
(11:51 / Allies) d44k_eIllIf: why do you talk all ? enemy is top all time
(13:41 / Allies) d44k_eIllIf: 2 were top
(13:57 / Allies) FracasoTotal: expand guys
(13:57 / Allies) khr8098i: gonna hit pink
(14:37 / Allies) DassiveMump: expo that blue
(14:43 / Allies) d44k_eIllIf: let me hit 50 first..
(14:55 / Allies) FracasoTotal: we have no aa
(15:04 / Allies) FracasoTotal: i hipo i guess
(15:08 / Allies) khr8098i: lets kill them
(15:09 / Allies) khr8098i: fight blu
(15:25 / Allies) FracasoTotal: come purple
(15:34 / Allies) FracasoTotal: gogogog
(16:18 / Allies) khr8098i: rejuv me
(16:27 / Allies) d44k_eIllIf: 3 armies killed
(16:28 / Allies) d44k_eIllIf: ez
(16:29 / Allies) FracasoTotal: go
(16:35 / Allies) khr8098i: rejuv hero
(16:37 / Allies) khr8098i: blu
(16:45 / Allies) d44k_eIllIf: wtf
(16:46 / Allies) d44k_eIllIf: stop
(16:49 / Allies) FracasoTotal: took so long
(16:50 / Allies) FracasoTotal: wtf
(17:03 / Allies) FracasoTotal: no aa
(17:26 / Allies) d44k_eIllIf: dryad
(17:59 / Allies) FracasoTotal: get tank purple
(18:12 / Allies) khr8098i: lol
(18:17 / Allies) khr8098i: told ya im a mort assassin
(18:30 / Allies) d44k_eIllIf: on e sec
(18:34 / Allies) FracasoTotal: come
(18:36 / Allies) d44k_eIllIf: rdy
(18:44 / Allies) FracasoTotal: tp
(19:01 / Allies) FracasoTotal: come
(19:02 / Allies) FracasoTotal: rape oj
(19:55 / Allies) khr8098i: lol